 Dungeon Crawl Stone Soup version 0.26-a0-1033-gd598b01645 (webtiles) character file.

Game seed: 12656518437067259002

61 dickylongcocking the Stinger (level 4, 0/45 HPs)
             Began as an Octopode Venom Mage on Dec 11, 2020.
             Slain by a gnoll
             ... wielding a +0 whip
              (13 damage)
             ... on level 2 of the Dungeon.
             The game lasted 00:01:29 (2331 turns).

dickylongcocking the Stinger (Octopode Venom Mage)  Turns: 2331, Time: 00:01:30

Health: 0/45       AC:  1    Str:  6 (7)  XL:     4   Next: 7%
Magic:  7/7        EV: 13    Int: 16 (18) God:
Gold:   155        SH:  0    Dex: 11 (12) Spells: 0/7 levels left

rFire    . . .     SeeInvis .   h - +1 dagger (venom)
rCold    . . .     Faith    .   (no shield)
rNeg     . . .     Spirit   .   (helmet restricted)
rPois    .         Reflect  .   (no amulet)
rElec    .         Harm     .   (no ring)
rCorr    .         Rampage  .   (no ring)
Will     .....                  (no ring)
Stlth    ..........             (no ring)
HPRegen  0.15/turn              (no ring)
MPRegen  0.10/turn              (no ring)
                                (no ring)
                                (no ring)

@: berserking, very quick
A: almost no armour, stealthy swim, amphibious, 8 rings, constrict 8, camouflage
1, gelatinous body 1
a: no special abilities


You were on level 2 of the Dungeon.
You visited 1 branch of the dungeon, and saw 2 of its levels.

You collected 155 gold pieces.

Inventory:

Hand Weapons
 d - a +0 dagger
 h - a +1 dagger of venom (weapon)
Scrolls
 a - 5 scrolls of identify {unknown}
 e - a scroll of remove curse {unknown}
 g - a scroll of blinking {unknown}


   Skills:
 * Level 2.8 Fighting
 - Level 2.0 Dodging
 - Level 2.6 Stealth
 - Level 2.0 Spellcasting
 * Level 1.2 Transmutations
 * Level 0.5 Fire Magic
 * Level 4.2 Poison Magic


You couldn't memorise any spells.
You knew the following spells:

 Your Spells              Type           Power        Failure   Level
a - Sting                 Tmut/Pois      ##..         7%          1
b - Ignite Poison         Fire/Tmut/Pois #.......     28%         3
c - Mephitic Cloud        Conj/Pois/Air  #.......     34%         3

Your spell library contained the following spells:

 Spells                   Type           Power        Failure   Level
 Poisonous Vapours        Pois/Air       #.....       13%         2
 Olgreb's Toxic Radiance  Pois           ###.....     36%         4


Dungeon Overview and Level Annotations

Branches:
Dungeon (2/15)

Altars:


Innate Abilities, Weirdness & Mutations

You cannot wear most types of armour.
You are very stealthy in the water. (Stealth+)
You are amphibious.
You can wear up to eight rings at the same time.
You can use your tentacles to constrict eight enemies at once.
Your skin changes colour to match your surroundings (Stealth+).
Your rubbery body absorbs attacks. (AC +1, EV +1)


Message History

There was something very wrong with that liquid.
You feel weakened.
You feel dopey.
You feel clumsy. The gnoll barely misses you. The gnoll misses you.
The gnoll shouts!
It was a potion of magic.
Magic courses through your body.
You hear a shout!
The gnoll barely misses you.
It was a potion of berserk rage.
A red film seems to cover your vision as you go berserk!
You feel yourself moving faster!
You feel mighty!
The gnoll looks more healthy.
The gnoll hits you with a +0 spear. The gnoll hits you with a +0 whip.
* * * LOW HITPOINT WARNING * * *
The gnoll completely misses you.
Unknown command.
Unknown command.
You puncture the gnoll!
The gnoll is poisoned.
You grab the gnoll. You squeeze the gnoll.
You kill the gnoll!
The gnoll closely misses you. The gnoll hits you with a +0 whip!
You die...

#.# ####### ####### #.#
......#
.....#####.########
#####.#
#...........(.....#
......#
##.##.####..######.#
#.##..#
#(...g.........#
#.##..#
##.g.ggg.....#.###.##
......#
#.##.##.###............
..##..# #....)@g#
##...#####.## .###..#
......#### #..##
.###..# ##### #...g
......# ##.### .######
#+# .# .# .# ..


You could see 5 gnolls.

Vanquished Creatures
  2 gnolls
  2 oozes (D:1)
  2 worms (D:2)
  7 bats
  A giant cockroach (D:2)
  5 hobgoblins
  A ball python (D:2)
  6 frilled lizards
  3 goblins
  5 kobolds
  6 rats
40 creatures vanquished.

Notes
Turn   | Place    | Note
-------+----------+-------------------------------------------
     0 | D:1      | dickylongcocking the Octopode Venom Mage began the quest
                  | for the Orb.
     0 | D:1      | Reached XP level 1. HP: 11/11 MP: 3/3
   152 | D:1      | Reached skill level 1 in Fighting
   294 | D:1      | Reached XP level 2. HP: 17/19 MP: 5/5
   840 | D:1      | Reached XP level 3. HP: 25/25 MP: 6/6
   896 | D:1      | Reached skill level 4 in Poison Magic
  1314 | D:1      | Learned a level 3 spell: Ignite Poison
  2220 | D:2      | Reached XP level 4. HP: 30/30 MP: 7/7
  2303 | D:2      | Learned a level 3 spell: Mephitic Cloud
  2331 | D:2      | Slain by a gnoll

Illustrated notes

Levels and vault maps discovered:
D:1:      ebering_hopf_link, layout_basic
D:2:      layout_loops_corners

Skill      XL: |  1  2  3 |
---------------+----------+-----
Fighting       | 1 2 |  2.8
Poison Magic   | 4 |  4.2
Dodging        | |  2.0
Stealth        | |  2.6
Spellcasting   | |  2.0
Transmutations | |  1.2
Fire Magic     | |  0.5

Action                   |  1- 3 |  4- 6 || total
-------------------------+-------+-------++-------
Melee: Unarmed           |    54 |       ||    54
       Constrict         |    23 |     3 ||    26
       Tentacles         |    13 |     3 ||    16
       Dagger            |    35 |     8 ||    43
 Cast: Sting             |     5 |     2 ||     7
  Use: Potion            |       |     3 ||     3
 Stab: Sleeping          |    11 |     2 ||    13
Armor: Skin              |     8 |       ||     8
Dodge: Dodged            |    56 |    10 ||    66

Table legend: (Time is in decaauts)
 A = Elapsed time spent in this place.
 B = Non-inter-level travel time spent in this place.
 C = Inter-level travel time spent in this place.
 D = Time resting spent in this place.
 E = Time spent auto-exploring this place.
 F = Levels seen in this place.
 G = Mean time per level.
                   A        B        C        D        E       F      G
               +--------+--------+--------+--------+--------+-----+--------+
         Total |   2329 |   2295 |     34 |    112 |   1842 |   2 | 1164.5 |
       Dungeon |   2329 |   2295 |     34 |    112 |   1842 |   2 | 1164.5 |
               +--------+--------+--------+--------+--------+-----+--------+

Top non-repeatable levels by time:
     D:1: 1682 daAuts
     D:2: 647 daAuts
